 Dungeon Crawl Stone Soup version 0.24-a0-592-g9a1d66b0e3 (webtiles) character file.

Game seed: 8611208847468648121, levelgen mode: deterministic

186 Chimkentus the Digger (level 5, -5/34 HPs)
             Began as an Octopode Earth Elementalist on Sept 9, 2019.
             Was an Initiate of Ru.
             Killed from afar by an orc wizard (9 damage)
             ... with a puff of flame
             ... on level 3 of the Dungeon.
             The game lasted 00:12:50 (2822 turns).

Chimkentus the Digger (Octopode Earth Elementalist) Turns: 2822, Time: 00:12:51

Health: -5/34      AC:  1    Str:  8    XL:     5   Next: 65%
Magic:  1/8        EV: 14    Int: 18    God:    Ru [......]
Gold:   173        SH:  0    Dex: 12    Spells: 2/8 levels left

rFire    . . .     SeeInvis .   g - +0 short sword
rCold    . . .     Gourm    .   (no shield)
rNeg     . . .     Faith    .   (helmet restricted)
rPois    .         Spirit   .   (no amulet)
rElec    .         Reflect  .   (no ring)
rCorr    .         Harm     .   (no ring)
MR       .....                  (no ring)
Stlth    +++.......             (no ring)
HPRegen  0.11/turn              (no ring)
MPRegen  0.11/turn              (no ring)
                                (no ring)
                                (no ring)

@: very slightly contaminated
A: almost no armour, stealthy swim, amphibious, 8 rings, constrict 8, camouflage
1, gelatinous body 1
a: Renounce Religion


You were on level 3 of the Dungeon.
You worshipped Ru.
Ru was noncommittal.
You were not hungry.

You visited 1 branch of the dungeon, and saw 3 of its levels.

You collected 173 gold pieces.

Inventory:

Hand Weapons
 f - a +0 club
 g - a +0 short sword (weapon)
 p - a +0 hunting sling
Missiles
 b - 45 stones (quivered)
 e - 2 throwing nets
 l - 29 bolts
 s - 18 arrows
Scrolls
 a - a scroll of remove curse
 i - a scroll of magic mapping {unknown}
 k - 2 scrolls of identify {unknown}
 n - a scroll of enchant armour {unknown}
 r - a scroll of noise {unknown}
Potions
 h - a potion of flight {unknown}
 j - a potion of haste {unknown}
 m - a potion of might {unknown}
 o - a potion of lignification {unknown}
 q - a potion of curing {unknown}
Comestibles
 c - 9 rations
 d - 3 chunks of flesh


   Skills:
 * Level 1.7 Fighting
 + Level 1.0 Short Blades
 * Level 2.9 Dodging
 + Level 3.8 Stealth
 + Level 0.5 Unarmed Combat
 + Level 2.3 Spellcasting
 * Level 1.2 Conjurations
 + Level 1.0 Transmutations
 * Level 4.0 Earth Magic


You had 2 spell levels left.
You knew the following spells:

 Your Spells              Type           Power        Failure   Level  Hunger
a - Sandblast             Erth           ###...       3%          1    #......
b - Passwall              Tmut/Erth      ##......     10%         2    ##.....
c - Stone Arrow           Conj/Erth      ##....       17%         3    ###....

Your spell library contained the following spells:

 Spells                   Type           Power        Failure   Level  Hunger
 Petrify                  Tmut/Erth      ##......     52%         4    #####..
 Lee's Rapid Deconstruct  Erth           ###.......   67%         5    ######.


Dungeon Overview and Level Annotations

Branches:
Dungeon (3/15)

Altars:
Ru


Innate Abilities, Weirdness & Mutations

You cannot wear most types of armour.
You are very stealthy in the water. (Stealth+)
You are amphibious.
You can wear up to eight rings at the same time.
You can use your tentacles to constrict eight enemies at once.
Your skin changes colour to match your surroundings (Stealth+).
Your rubbery body absorbs attacks. (AC +1, EV +1)


Message History

Confirm with . or Enter, or press ? or * to list all spells.
Aiming: Sandblast (safe; 3% risk of failure)
Press: ? - help, Shift-Dir - straight line
b - 45 stones You hear some strange, mumbled words.
A puff of frost appears from out of thin air!
The puff of frost hits you!
You hit something but do no damage. Something hits you.
* * * LOW HITPOINT WARNING * * *
You closely miss something. Your squeeze misses something.
You hear some strange, mumbled words.
A magic dart appears from out of thin air!
The magic dart hits you.
* * * LOW HITPOINT WARNING * * *
You completely miss something. You miss something.
You hear some strange, mumbled words.
A puff of flame appears from out of thin air!
The puff of flame hits you!
You die...

#......###.#..# ###........
#......#.#.[..## ####..........
#....###.###...# ##......#......
#.)..#.....#...###..##...#......
#..###.###.###.....#############
#..#...# #...#.....#.#
#..###.###.###......##.#
#....#.....#........#..#
#...)###.###...@{..##..#
####...#.#.........##..+
###.#.#.........##..#
#......####..##...#
###....#.....##...#
######.###......# #.#
#......##### #.# #.##...#.♣.#
#.###.##...#...##


There were no monsters in sight!

Vanquished Creatures
  An orc wizard (D:3)
  6 adders
  2 oozes
  5 worms
  3 dart slugs
  3 leopard geckos
  3 orcs (D:3)
  10 bats
  3 giant cockroaches
  2 goblins
  11 hobgoblins
  11 kobolds
  2 quokkas
  7 frilled lizards
  8 rats
77 creatures vanquished.

Notes
Turn   | Place    | Note
-------+----------+-------------------------------------------
     0 | D:1      | Chimkentus the Octopode Earth Elementalist began the quest
                  | for the Orb.
     0 | D:1      | Reached XP level 1. HP: 11/11 MP: 3/3
   285 | D:1      | Reached XP level 2. HP: 17/17 MP: 1/5
   353 | D:1      | Learned a level 2 spell: Passwall
   700 | D:1      | Reached XP level 3. HP: 22/22 MP: 4/6
  1204 | D:1      | Learned a level 3 spell: Stone Arrow
  1236 | D:2      | Reached skill level 1 in Fighting
  1285 | D:2      | Reached skill level 1 in Conjurations
  1439 | D:2      | Reached XP level 4. HP: 25/28 MP: 7/7
  2150 | D:3      | Reached XP level 5. HP: 33/33 MP: 8/8
  2190 | D:3      | Reached skill level 1 in Short Blades
  2334 | D:3      | Found a sacrificial altar of Ru.
  2339 | D:3      | Became a worshipper of Ru the Awakened
  2609 | D:3      | Found a faded altar of an unknown god.
  2727 | D:3      | Reached skill level 4 in Earth Magic
  2822 | D:3      | Killed from afar by an orc wizard

Levels and vault maps discovered:
D:1:      lightli_arrival_flooded_house, layout_basic
D:2:      layout_loops_ring, first_ration
D:3:      layout_rooms, marbit_many_paths, chequers_ecumenical_altar_lobes,
          minmay_quantized

Skill      XL: |  1  2  3  4  5 |
---------------+----------------+-----
Stealth        | 3 |  3.8
Fighting       | 1 |  1.7
Conjurations   | 1 |  1.2
Short Blades   | 1 |  1.0
Earth Magic    | 4 |  4.0
Dodging        | |  2.9
Unarmed Combat | |  0.5
Spellcasting   | |  2.3
Transmutations | |  1.0

Action                   |  1- 3 |  4- 6 || total
-------------------------+-------+-------++-------
Melee: Unarmed           |     5 |       ||     5
       Constrict         |     9 |    10 ||    19
       Tentacles         |     3 |     8 ||    11
       Club              |     8 |       ||     8
       Short sword       |    22 |    50 ||    72
Throw: Stone             |     1 |     5 ||     6
 Cast: Sandblast         |    27 |    34 ||    61
       Stone Arrow       |       |     6 ||     6
  Use: Scroll            |       |     1 ||     1
 Stab: Sleeping          |     5 |    11 ||    16
  Eat: Chunk             |     2 |     5 ||     7
Armor: Skin              |     5 |     4 ||     9
Dodge: Dodged            |    28 |    22 ||    50

Table legend:
 A = Non-vault XP
 B = Vault XP
 C = Vault XP percentage of total XP
 D = Non-vault monster count
 E = Vault monster count
 F = Vault count percentage of total count
                 A         B        C        D         E       F
            +---------+---------+-------+---------+---------+-------
      Total |     256 |      10 |   3.8 |      74 |       3 |   3.9
            +---------+---------+-------+---------+---------+-------
        D:1 |      46 |       0 |   0.0 |      25 |       0 |   0.0
        D:2 |     116 |       0 |   0.0 |      30 |       0 |   0.0
        D:3 |      94 |      10 |   9.6 |      19 |       3 |  13.6
            +---------+---------+-------+---------+---------+-------
